 Dungeon Crawl Stone Soup version 0.26.1-11-gd32895ea62 (webtiles) character file.

Game seed: 12869236386122435833

132 Zeld the Digger (level 5, -3/28 HPs)
             Began as a Gargoyle Earth Elementalist on Sept 4, 2021.
             Killed from afar by an orc wizard (7 damage)
             ... with a puff of frost
             ... on level 3 of the Dungeon.
             The game lasted 00:02:34 (2697 turns).

Zeld the Digger (Gargoyle Earth Elementalist)       Turns: 2697, Time: 00:02:34

Health: -3/28      AC:  6    Str: 12    XL:     5   Next: 15%
Magic:  9/9        EV: 12    Int: 16    God:
Gold:   90         SH:  0    Dex: 10    Spells: 4/10 levels left

rFire    . . .     SeeInvis .   a - +1 dagger (drain)
rCold    . . .     Faith    .   (no shield)
rNeg     + . .     Spirit   .   c - +0 robe
rPois    ∞         Reflect  .   (no helmet)
rElec    +         Harm     .   (no cloak)
rCorr    .         Rampage  .   (no gloves)
Will     .....                  (no boots)
Stlth    ++........             (no amulet)
HPRegen  0.09/turn              (no ring)
MPRegen  0.11/turn              (no ring)

@: no status effects
A: negative energy resistance 1, electricity resistance, unbreathing,
petrification resistance, miasma immunity, AC +4
a: no special abilities


You were on level 3 of the Dungeon.
You visited 1 branch of the dungeon, and saw 3 of its levels.

You collected 90 gold pieces.

Inventory:

Hand Weapons
 a - a +1 dagger of draining (weapon)
Missiles
 b - 43 stones (quivered)
Armour
 c - a +0 robe (worn)
Jewellery
 f - an uncursed ring of poison resistance {unknown}
 i - a +4 ring of protection {unknown}
Scrolls
 d - 2 scrolls of identify {unknown}
 e - 3 scrolls of amnesia {unknown}
 j - a scroll of random uselessness {unknown}
 k - a scroll of fog {unknown}
 l - 2 scrolls of remove curse {unknown}
 m - 2 scrolls of fear {unknown}
Potions
 g - a potion of degeneration {unknown}
 h - a potion of curing {unknown}


   Skills:
 + Level 1.4 Armour
 + Level 2.0 Dodging
 + Level 2.9 Stealth
 * Level 3.0 Spellcasting
 + Level 1.1 Conjurations
 - Level 1.0 Transmutations
 * Level 4.7 Earth Magic


You had 4 spell levels left.
You knew the following spells:

 Your Spells              Type           Power        Failure   Level
a - Sandblast             Erth           34%          2%          1
b - Passwall              Tmut/Erth      9%           9%          2
c - Stone Arrow           Conj/Erth      22%          17%         3

Your spell library contained the following spells:

 Spells                   Type           Power        Failure   Level
 Petrify                  Tmut/Erth      11%          50%         4
 Lee's Rapid Deconstruct  Erth           8%           58%         5


Dungeon Overview and Level Annotations

Branches:
Dungeon (3/15)

Altars:
Nemelex Xobeh


Innate Abilities, Weirdness & Mutations

You are resistant to torment.
Your stone body is resilient. (AC +4)
You are immune to poison.
You resist negative energy. (rN+)
You are resistant to electric shocks. (rElec)
You can survive without breathing.
You are immune to petrification.
You are immune to miasma.


Message History

Ouch! That really hurt!
You hear a shout!
The hobgoblin shouts!
An orc wizard comes into view. It is wielding a +0 dagger.
The hobgoblin barely misses you.
The orc wizard hits you but does no damage.
The orc wizard casts a spell at you. The puff of flame hits you!
* * * LOW HITPOINT WARNING * * *
The adder barely misses you.
The orc wizard gestures at itself while chanting.
The orc wizard flickers and vanishes!
Deactivating autopickup; reactivate with Ctrl-A.
The adder bites you.
* * * LOW HITPOINT WARNING * * *
The adder completely misses you.
You see here a war axe.
You hear some strange, mumbled words.
A puff of frost appears from out of thin air!
The puff of frost hits you!
You die...

##.## #.#
.########o#
.........g#
.#######..# #.)#
####..# #...{S#
#.##@## # #.##.#
#. #.##.####
####.##.##....####
...........[......
.......†......####
#######.####.## .#
#...<.... .#
#.####.#.# .#


You could see an orc priest, an adder and a hobgoblin.

Vanquished Creatures
  5 adders
  A gnoll (D:1)
  An ooze (D:1)
  A dart slug (D:1)
  4 leopard geckos
  An orc (D:3)
  5 bats
  3 giant cockroaches (D:2)
  10 goblins
  6 hobgoblins
  3 jackals (D:1)
  12 kobolds
  A quokka (D:2)
  2 frilled lizards
  9 rats
64 creatures vanquished.

Notes
Turn   | Place    | Note
-------+----------+-------------------------------------------
     0 | D:1      | Zeld the Gargoyle Earth Elementalist began the quest for
                  | the Orb.
     0 | D:1      | Reached XP level 1. HP: 10/10 MP: 3/3
   350 | D:1      | Reached XP level 2. HP: 15/15 MP: 3/5
   372 | D:1      | Learned a level 2 spell: Passwall
   696 | D:1      | Reached skill level 4 in Earth Magic
   783 | D:1      | Reached skill level 1 in Transmutations
   797 | D:1      | Reached XP level 3. HP: 19/19 MP: 0/6
   801 | D:1      | Learned a level 3 spell: Stone Arrow
  1127 | D:1      | Reached skill level 1 in Armour
  1566 | D:2      | Reached XP level 4. HP: 24/24 MP: 6/8
  1641 | D:2      | Found a sparkling altar of Nemelex Xobeh.
  1909 | D:2      | Reached skill level 1 in Conjurations
  2338 | D:2      | Reached XP level 5. HP: 25/28 MP: 9/9
  2697 | D:3      | Killed from afar by an orc wizard

Illustrated notes

Levels and vault maps discovered:
D:1:      lordsloth_arrival_two_stooges, layout_loops_cross, serial_glass,
          glass_columns_b, glass_columns_c, minmay_misc_feat_rows,
          chequers_hall_statues_wall_a, minmay_misc_feat_roman
D:2:      layout_rooms, nemelex_xobeh_ov_fountains_minmay,
          minmay_misc_feat_square
D:3:      layout_loops_ring, minmay_crystal_room

Skill      XL: |  1  2  3  4  5 |
---------------+----------------+-----
Earth Magic    | 4 |  4.7
Transmutations | 1 |  1.0
Armour         | 1 |  1.4
Dodging        | 2 |  2.0
Conjurations   | 1 |  1.1
Spellcasting   | 3 |  3.0
Stealth        | |  2.9

Action                   |  1- 3 |  4- 6 || total
-------------------------+-------+-------++-------
Melee: Unarmed           |    12 |       ||    12
       Dagger            |    64 |    94 ||   158
 Cast: Sandblast         |    22 |     3 ||    25
 Stab: Sleeping          |     2 |     2 ||     4
Armor: Robe              |    23 |    38 ||    61
Dodge: Dodged            |    64 |    66 ||   130
